 Dungeon Crawl Stone Soup version 0.32-a0-711-g016ad743e0 (webtiles) character file.

Game seed: 6069020399718939394

40121 miscthings the Prestidigitator (level 14, -3/92 HPs)
             Began as a Coglin Alchemist on Mar 15, 2024.
             Was an Initiate of Gozag.
             Slain by a black mamba (9 damage)
             ... on level 5 of the Lair of Beasts.
             The game lasted 00:52:13 (14975 turns).

miscthings the Prestidigitator (Coglin Alchemist)  Turns: 14975, Time: 00:52:14

Health: -3/92      AC:  9    Str: 17    XL:     14   Next: 9%
Magic:  4/25       EV: 13    Int: 17    God:    Gozag
Gold:   1993       SH:  5    Dex: 13    Spells: 2/28 levels left

rFire   . . .        f - +2 dagger (venom) {Fatehjeet}
rCold   . . .        p - +0 buckler
rNeg    . . .        x - +2 robe {Will+}
rPois   +            C - +0 hat
rElec   .            m - +2 cloak
rCorr   +            (no gloves)
SInv    .            j - +0 pair of boots
Will    +++..        (amulet unavailable)
Stlth   ++           (ring unavailable)
HPRegen 0.35/turn    (ring unavailable)
MPRegen 0.19/turn    z - gyrotuning transmogrifier {Gadgeteer, rPois Will+ rCorr}

%: clarity
@: gold aura, revving
A: off-hand wielding, slow wielding, warmup strikes, no jewellery, clarity,
deterioration 1, frail 1, strong 2, sturdy frame 1
a: Renounce Religion, Potion Petition, Call Merchant, Bribe Branch


You were on level 5 of the Lair of Beasts.
You worshipped Gozag.
Gozag was most pleased with you.
You visited 3 branches of the dungeon, and saw 16 of its levels.

You collected 3138 gold pieces.
You spent 218 gold pieces at shops.
You paid 927 gold pieces to Gozag.

Inventory:

Hand Weapons
 f - a +2 dagger of venom (weapon) {Fatehjeet}
 E - the +1 falchion of Dishonesty {flame, Str+4}
   (You found it on level 8 of the Dungeon)

   Str+4:     It affects your strength (+4).
Missiles
 d - 4 boomerangs
 o - 2 throwing nets
Armour
 j - a +0 pair of boots (worn)
 m - a +2 cloak (worn)
 p - a +0 buckler (worn)
 x - a +2 robe of willpower (worn)
 y - a +2 robe of cold resistance
 C - a +0 hat (worn)
Gizmo
 z - a gyrotuning transmogrifier (installed) {Gadgeteer, rPois Will+ rCorr}
   (You invented it yourself on level 4 of the Lair of Beasts)

   [gyrotuning transmogrifier]

   Gadgeteer: Your evocable items recharge 30% faster and wands have a 30%
   chance to not spend a charge.
   rPois:     It protects you from poison.
   Will+:     It increases your willpower.
   rCorr:     It protects you from acid and corrosion.
Wands
 a - a wand of digging (4)
 q - a wand of mindburst (8)
 r - a wand of roots (4)
 t - a wand of paralysis (3)
 B - a wand of flame (7)
Scrolls
 e - a scroll of enchant armour
 g - a scroll of fear
 h - a scroll of blinking
 i - a scroll of summoning {unknown}
 k - 2 scrolls of fog
 l - 2 scrolls of amnesia
 s - 5 scrolls of torment
 u - a scroll of teleportation
 v - a scroll of vulnerability
 G - a scroll of enchant weapon
Potions
 b - 2 potions of haste
 c - 2 potions of lignification
 n - 3 potions of brilliance
 w - 3 potions of enlightenment
 A - 3 potions of attraction
 D - 8 potions of ambrosia
 F - a potion of curing
 I - a potion of berserk rage


   Skills:
 + Level 7.0 Fighting
 + Level 6.4 Armour
 + Level 6.6 Dodging
 - Level 1.5 Stealth
 + Level 5.2 Shields
 + Level 7.7 Spellcasting
 + Level 4.3 Conjurations
 + Level 1.4 Hexes
 + Level 5.5 Fire Magic
 - Level 3.0 Air Magic
 + Level 11.5 Alchemy
 + Level 14.7 Evocations


You had 2 spell levels left.
You knew the following spells:

 Your Spells              Type           Power      Damage    Failure   Level
a - Foxfire               Conj/Fire      92%        2x1d8     1%          1
b - Mercury Vapours       Alch/Air       62%        N/A       1%          2
c - Mephitic Cloud        Conj/Alch/Air  28%        N/A       3%          3
d - Sticky Flame          Fire/Alch      35%        2d7       3%          4
e - Sting                 Conj/Alch      100%       1d9       1%          1
f - Fulminant Prism       Conj/Alch      16%        3d10      4%          4
g - Inner Flame           Hex/Fire       18%        N/A       10%         3
x - Ignite Poison         Fire/Alch      35%        N/A       3%          4
z - Olgreb's Toxic Radia  Alch           45%        N/A       1%          4

Your spell library contained the following spells:

 Spells                   Type           Power      Damage    Failure   Level
 Kiss of Death            Conj/Necr      52%        2d9       5%          1
 Confusing Touch          Hex            11%        N/A       22%         3
 Summon Blazeheart Golem  Fire/Summ      16%        N/A       38%         4
 Dispel Undead            Necr           6%         3d8       78%         4
 Starburst                Conj/Fire      11%        6d5       95%         6
 Borgnjor's Vile Clutch   Necr/Erth      3%         N/A       98%         5
 Plasma Beam              Fire/Air       10%        2x1d21    98%         6
 Death Channel            Necr           3%         N/A       100%        6
 Enfeeble                 Hex            5%         N/A       100%        7
 Orb of Destruction       Conj           10%        9d6       100%        7
 Spellforged Servitor     Conj/Summ      6%         N/A       100%        7
 Ignition                 Fire           12%        3d6       100%        8
 Animate Dead             Necr           Unusable   N/A       N/A         4

Dungeon Overview and Level Annotations

Branches:
Dungeon (10/15)            Temple (1/1) D:7            Lair (5/5) D:9
  Swamp (0/4) Lair:2       Spider (0/4) Lair:2        Slime (0/5) Lair:4
    Orc: D:9-12

Altars:
Ashenzari
Cheibriados
Dithmenos
Elyvilon
Fedhas
Gozag
Hepliaklqana
Kikubaaqudgha
Makhleb
Nemelex Xobeh
Qazlal
Ru
Sif Muna
Trog
Uskayaw
Vehumet
Wu Jian
Xom
Yredelemnul
Zin
The Shining One
Jiyva

Shops:
D:2 ?   D:9 [

Annotations:
Lair:4 1 runed translucent door


Innate Abilities, Weirdness & Mutations

You can wield a second weapon in your off-hand.
It takes a long time for you to wield or remove held weapons.
Your first few attacks do less damage.
You cannot equip rings or amulets.
You possess an exceptional clarity of mind.
Your body sometimes deteriorates upon taking damage.
You are frail. (-10% HP)
Your muscles are very strong. (Str +8, Int/Dex -2)
Your movements are slightly less encumbered by armour. (ER -2)


Message History

The black mamba bites you!
* * * LOW HITPOINT WARNING * * *
You feel much better. You block the black mamba's attack.
The black mamba bites you but does no damage.
The black mamba misses you. The water moccasin barely misses you.
There is a stone staircase leading up here.
Aiming: Fastroot
Press: ? - help, Shift-Dir - straight line, f - you The roots erupt in riotous growth!
Roots grab the black mamba.
Roots grab the water moccasin.
Roots grab the black mamba.
You conserve a charge of your wand.
The grasping roots constrict the black mamba.
The grasping roots constrict the water moccasin!!
You kill the water moccasin!
The grasping roots constrict the black mamba.
You hear an angry buzzing noise.
The black mamba bites you.
* * * LOW HITPOINT WARNING * * *
The black mamba bites you.
* * * LOW HITPOINT WARNING * * *
The black mamba bites you.
* * * LOW HITPOINT WARNING * * *
You hit the black mamba.
The black mamba is lightly wounded.
The grasping roots constrict the black mamba! x2
The black mamba bites you but does no damage.
The black mamba bites you!
* * * LOW HITPOINT WARNING * * *
You are lethally poisoned!
The black mamba poisons you! The black mamba bites you.
* * * LOW HITPOINT WARNING * * *
You feel better.
The grasping roots constrict the black mamba.
The grasping roots constrict the black mamba!
The black mamba bites you.
* * * LOW HITPOINT WARNING * * *
The black mamba bites you!
You die...
Your body crumbles into a pile of gold.

##P ####.#.#$# ###
.##.#..##P#P$..#.###$#####
...........$.....$$$...S§.
.............$<.$$S$.k§Y§#
........#........#.$P..$.#.
.......##+..###...########$$.###
.......#......###...#### #.....#
.......#.....#.#.......###$......
.......#.#.....S@................
.......#.#.ß.#..$S......S$.$...$.
.........#.............$.........
....S........#..........$........
.....!.#......##$........
........###+#.#..........
...#..#...S$..$..##.#....
##.ß....S#.##..#.ß.##...
#...$.#.......#.....#...


You could see 2 black mambas.

Vanquished Creatures
  Gastronok (Lair:3)
  Erica (Lair:2)
  A catoblepas (Lair:5)
  2 hydras
  4 death yaks (Lair:4)
  A two-headed ogre (D:10)
  A skyshark (Lair:4)
  A goliath frog (Lair:2)
  A lindwurm (Lair:3)
  A slime creature (D:9)
  2 black mambas
  5 elephants
  10 cane toads
  2 unseen horror zombies (D:8)
  8 komodo dragons
  A queen bee (Lair:1)
  A troll (D:9)
  Prince Ribbit (Lair:1)
  23 blink frogs
  4 polar bears (Lair:4)
  13 dream sheep
  3 jumping spiders (Lair:2)
  7 wyverns
  A vampire (D:9)
  Eustachio (D:5)
  A fire bat (D:9)
  30 yaks
  2 steam dragons
  3 basilisks (Lair:2)
  A redback (Lair:5)
  A hell hound (D:9)
  7 water moccasins
  2 sky beasts
  A swamp drake (Lair:2)
  6 black bears
  An orc warrior (D:8)
  3 ice beasts
  23 wolves
  2 phantoms
  A kobold brigand (D:7)
  11 bullfrogs
  3 scorpions
  A wyvern zombie (D:8)
  13 wights
  47 killer bees
  A howler monkey (D:7)
  An electric eel (Lair:3)
  3 centaur zombies (D:8)
  4 quasits (D:4)
  2 jellies
  4 orc priests
  2 hounds
  Crazy Yiuf (D:2)
  A human skeleton (D:5)
  A sleepcap (D:4)
  An iguana (D:5)
  11 orc wizards
  A killer bee zombie (D:8)
  A hound skeleton (D:5)
  2 howler monkey zombies (D:8)
  14 adders
  7 gnolls
  A shadow imp (D:7)
  A white imp (D:8)
  A dart slug (D:2)
  A ribbon worm (D:4)
  22 orcs
  7 ball pythons
  4 bats
  4 endoplasms
  2 giant cockroaches
  2 goblins (D:3)
  5 hobgoblins
  4 quokkas
  4 frilled lizards
  7 kobolds
  9 rats
386 creatures vanquished.

Vanquished Creatures (others)
  33 foxfires
  3 fulminant prisms (Lair:4)
36 creatures vanquished.

Grand Total: 422 creatures vanquished

Notes
Turn   | Place    | Note
-------+----------+-------------------------------------------
     0 | D:1      | miscthings the Coglin Alchemist began the quest for the
                  | Orb.
     0 | D:1      | Reached XP level 1. HP: 13/13 MP: 3/3
    45 | D:1      | Reached skill level 1 in Conjurations
   379 | D:1      | Reached XP level 2. HP: 19/19 MP: 2/4
   962 | D:2      | Reached XP level 3. HP: 24/24 MP: 0/6
  1030 | D:2      | Found Hedwiges's Magic Scroll Shoppe.
  1070 | D:2      | Bought a scroll of teleportation for 42 gold pieces
  1185 | D:2      | Reached XP level 4. HP: 23/30 MP: 3/7
  1257 | D:2      | Learned a level 2 spell: Mercury Vapours
  1261 | D:2      | Learned a level 3 spell: Mephitic Cloud
  1381 | D:2      | Found a runed translucent door.
  1382 | D:2      | Noticed Crazy Yiuf
  1744 | D:2      | Killed Crazy Yiuf
  1745 | D:2      | Reached XP level 5. HP: 35/35 MP: 0/8
  1852 | D:3      | Reached skill level 5 in Alchemy
  1990 | D:3      | Found an ornate altar of the Wu Jian Council.
  2143 | D:4      | Found a shadowy altar of Dithmenos.
  2300 | D:4      | Reached XP level 6. HP: 41/41 MP: 6/10
  2305 | D:4      | Learned a level 4 spell: Olgreb's Toxic Radiance
  2318 | D:4      | Found a shimmering blue altar of Sif Muna.
  2382 | D:5      | Entered Level 5 of the Dungeon
  2590 | D:5      | Found a broken altar of Ashenzari.
  2593 | D:5      | Noticed an ice beast
  2777 | D:5      | Found a burning altar of Makhleb.
  2900 | D:5      | Killed an ice beast
  2901 | D:5      | Reached skill level 1 in Evocations
  2901 | D:5      | Reached XP level 7. HP: 46/46 MP: 8/11
  2916 | D:5      | Noticed Eustachio
  2930 | D:5      | Killed Eustachio
  2931 | D:5      | Reached skill level 1 in Air Magic
  3012 | D:6      | Noticed Edmund
  3047 | D:6      | Edmund changed into Edmund the giant cockroach
  3047 | D:6      | Noticed Edmund
  3048 | D:6      | Killed Edmund the giant cockroach
  3053 | D:6      | Reached skill level 2 in Evocations
  3603 | D:7      | Reached XP level 8. HP: 35/52 MP: 10/13
  3613 | D:7      | Reached skill level 3 in Evocations
  3643 | D:7      | HP: 1/52 [kobold brigand/+0 dagger (7)]
  3801 | D:7      | Found a hazy altar of Hepliaklqana.
  3827 | D:7      | Reached skill level 4 in Evocations
  3863 | D:7      | Found a staircase to the Ecumenical Temple.
  3873 | Temple   | Entered the Ecumenical Temple
  3883 | Temple   | Became a worshipper of Gozag Ym Sagoz the Greedy
  4179 | D:3      | Found a faded altar of an unknown god.
  4690 | D:4      | Reached XP level 9. HP: 37/57 MP: 8/15
  4918 | D:4      | Reached skill level 5 in Evocations
  5225 | D:5      | Learned a level 4 spell: Sticky Flame
  5473 | D:7      | Reached skill level 1 in Fire Magic
  5535 | D:7      | Reached skill level 5 in Spellcasting
  5540 | D:7      | Reached skill level 6 in Evocations
  5679 | D:7      | Found a white marble altar of Elyvilon.
  5683 | D:7      | Reached skill level 7 in Evocations
  5983 | D:4      | Reached skill level 8 in Evocations
  6299 | D:8      | Reached skill level 9 in Evocations
  6299 | D:8      | Found a basalt altar of Yredelemnul.
  6316 | D:8      | Reached skill level 10 in Evocations
  6322 | D:8      | Reached XP level 10. HP: 46/63 MP: 12/17
  6334 | D:8      | Reached skill level 11 in Evocations
  7021 | D:8      | Identified the +1 falchion of Dishonesty {flame, Str+4}
  7047 | D:8      | Reached skill level 12 in Evocations
  7573 | D:9      | Noticed an elephant
  7583 | D:9      | Reached skill level 1 in Fighting
  7589 | D:9      | Killed an elephant
  7590 | D:9      | Reached skill level 1 in Armour
  7593 | D:9      | Found a staircase to the Lair.
  7601 | D:9      | Reached skill level 1 in Shields
  7688 | D:9      | Gained mutation: Your muscles are strong. (Str +4, Int/Dex
                  | -1) [potion of mutation]
  7688 | D:9      | Gained mutation: You occasionally lose the ability to drink
                  | potions when taking damage. [potion of mutation]
  7688 | D:9      | Gained mutation: You have hidden genetic defects. [potion
                  | of mutation]
  7688 | D:9      | Gained mutation: Your muscles are very strong. (Str +8,
                  | Int/Dex -2) [potion of mutation]
  7723 | D:9      | Found a shimmering altar of Xom.
  7906 | D:9      | Gained mutation: You are frail. (-10% HP) [hidden defects]
  7937 | D:9      | Lost mutation: You occasionally lose the ability to drink
                  | potions when taking damage. [potion of mutation]
  7937 | D:9      | Lost mutation: You have hidden genetic defects. [potion of
                  | mutation]
  7937 | D:9      | Lost mutation: Your muscles are very strong. (Str +8,
                  | Int/Dex -2) [potion of mutation]
  7937 | D:9      | Gained mutation: Your movements are slightly less
                  | encumbered by armour. (ER -2) [potion of mutation]
  7937 | D:9      | Gained mutation: Your muscles are very strong. (Str +8,
                  | Int/Dex -2) [potion of mutation]
  7937 | D:9      | Gained mutation: Your body sometimes deteriorates upon
                  | taking damage. [potion of mutation]
  7937 | D:9      | Gained mutation: You possess an exceptional clarity of
                  | mind. [potion of mutation]
  8022 | D:9      | HP: 1/61 [steam dragon/ball of steam (10)]
  8025 | D:9      | Reached XP level 11. HP: 9/65 MP: 11/19
  8440 | D:9      | Bought a jewelled robe for 176 gold pieces
  8440 | D:9      | Identified the +0 robe of Ornamental Contentment {Rampage
                  | rC+ Int-4 Dex+3} (You bought it in a shop on level 9 of the
                  | Dungeon)
  8453 | D:10     | Entered Level 10 of the Dungeon
  8499 | D:10     | Noticed a two-headed ogre
  8519 | D:10     | Killed a two-headed ogre
  8586 | Lair:1   | Entered Level 1 of the Lair of Beasts
  9146 | Lair:1   | Reached skill level 13 in Evocations
  9151 | Lair:1   | Reached skill level 10 in Alchemy
  9182 | Lair:1   | Noticed Prince Ribbit
  9189 | Lair:1   | HP: 3/69 [Prince Ribbit (3)]
  9516 | Lair:1   | Killed Prince Ribbit
  9629 | Lair:1   | Reached XP level 12. HP: 75/75 MP: 21/21
 10313 | Lair:2   | Learned a level 1 spell: Foxfire
 10321 | Lair:2   | Noticed Erica
 10375 | Lair:2   | Killed Erica
 10600 | Lair:2   | Got the Textbook on Becharmed Transfiguration
 10649 | Lair:2   | Reached skill level 5 in Fighting
 10649 | Lair:2   | Reached skill level 5 in Dodging
 10766 | Lair:2   | Found a hole to the Spider Nest.
 10895 | Lair:2   | Learned a level 4 spell: Ignite Poison
 10981 | Lair:2   | Found a staircase to the Swamp.
 11240 | Lair:3   | Noticed Gastronok
 11249 | Lair:3   | Killed Gastronok
 11250 | Lair:3   | Reached skill level 5 in Armour
 11718 | Lair:3   | Noticed an eight-headed hydra
 11739 | Lair:3   | Reached skill level 14 in Evocations
 11739 | Lair:3   | Reached XP level 13. HP: 6/83 MP: 9/23
 11824 | Lair:3   | Found a dark tunnel.
 11827 | Lair:3   | HP: 4/83 [lindwurm/blast of flame (34)]
 12957 | Lair:4   | Found a runed translucent door.
 12958 | Lair:4   | Found a viscous altar of Jiyva.
 12958 | Lair:4   | Found a staircase to the Slime Pits.
 12958 | Lair:4   | Noticed an acid blob
 12958 | Lair:4   | Noticed an acid blob
 13086 | Lair:4   | Learned a level 4 spell: Fulminant Prism
 13159 | Lair:4   | Reached skill level 5 in Fire Magic
 13729 | Lair:4   | Reached skill level 5 in Shields
 14215 | Lair:4   | Learned a level 3 spell: Inner Flame
 14554 | Lair:5   | Entered Level 5 of the Lair of Beasts
 14751 | Lair:5   | Reached skill level 1 in Hexes
 14778 | Lair:5   | Reached XP level 14. HP: 33/90 MP: 9/25
 14905 | Lair:4   | Acquired a gyrotuning transmogrifier {Gadgeteer, rPois
                  | Will+ rCorr}
 14974 | Lair:5   | HP: 3/92 [black mamba (2)]
 14975 | Lair:5   | Slain by a black mamba

Illustrated notes

Levels and vault maps discovered:
D:1:      onia_arrival_handbag, layout_loops_corners
D:2:      minmay_wonky_spiral, layout_basic, serial_shops,
          nicolae_shop_statue_plus, uniq_crazy_yiuf_cottage
D:3:      layout_basic, mainiacjoe_overflow_alcove_2,
          shapermc_ecumenical_altar_ellora, kennysheep_donut
D:4:      cheibrodos_quashed, layout_loops_ring, overflow_temple_1_default,
          kennysheep_orc_sif_temple, chequers_serial_rivers_micro_e,
          reono_crystal_passage, amcnicky_mini_rare_corridor_liquid,
          kennysheep_small_circle
D:5:      layout_cave_pools, nicolae_ashenzari_panopticon,
          makhleb_blood_cavern_becter, uniq_eustachio
D:6:      layout_cave_pools, kennysheep_generic_room_3, uniq_edmund
D:7:      layout_loops_ring, worldfamousw_hep_ancestral_shrine,
          elyvilon_altar_1, minmay_temple_entry_glass, hangedman_decor_riveting
D:8:      layout_rooms, nicolae_yredelemnul_corpse_copse
D:9:      layout_basic, regret_index_xom_of_box, david_lair_generic
D:10:     layout_basic, kennysheep_okawaru_gauntlet, orc_0_dummy, serial_shops,
          shop
Temple:   nicolae_temple_hex_pool
Lair:1:   layout_misc_corridors, serial_bayou, serial_bayou_pond_a,
          serial_bayou_pond_e, serial_bayou_pond_c, serial_bayou_lagoon_a,
          special_room [special_room_bee], uniq_prince_ribbit2
Lair:2:   layout_chaotic_city, mainiacjoe_swamp_entry_lozenge_pond,
          spider_nest_entry_a, uniq_erica
Lair:3:   layout_gridlike, nicolae_volcano_entry_vermiform, uniq_gastronok
Lair:4:   layout_regular_city, slime_entry_2, beast_lair_carwin_10
Lair:5:   hangedman_lair_tendril_chambers, layout_small_grid, grunt_megastairs_1

Skill      XL: |  1  2  3  4  5  6  7  8  9 10 11 12 13 14 |
---------------+-------------------------------------------+-----
Conjurations   | 1 2 3 4 |  4.3
Spellcasting   | 2 3 4 5 6 7 |  7.7
Alchemy        | 4 5 6 7 8 9 10 11 | 11.5
Evocations     | 1 2 4 10 12 13 14 | 14.7
Air Magic      | 1 3 |  3.0
Fire Magic     | 2 4 5 |  5.5
Dodging        | 3 4 5 6 |  6.6
Fighting       | 2 4 5 6 7 |  7.0
Armour         | 2 4 5 6 |  6.4
Shields        | 1 3 4 5 |  5.2
Hexes          | 1 |  1.4
Stealth        | |  1.5

Action                     |  1- 3 |  4- 6 |  7- 9 | 10-12 | 13-15 || total
---------------------------+-------+-------+-------+-------+-------++-------
  Melee: Unarmed           |    11 |       |       |       |       ||    11
         Whip              |    31 |     9 |       |       |       ||    40
         Quarterstaff      |       |    38 |   142 |    31 |       ||   211
         Dagger            |       |       |       |   227 |   102 ||   329
  Throw: Boomerang         |    10 |     1 |       |       |       ||    11
   Cast: Sting             |    38 |    66 |    55 |    45 |    12 ||   216
         Mephitic Cloud    |       |     2 |     7 |    14 |    19 ||    42
         Mercury Vapours   |       |     4 |     4 |     4 |       ||    12
         Olgreb's Toxic Ra |       |       |    13 |    60 |    31 ||   104
         Sticky Flame      |       |       |    10 |    23 |    16 ||    49
         Foxfire           |       |       |       |    12 |     8 ||    20
         Ignite Poison     |       |       |       |     4 |    13 ||    17
         Fulminant Prism   |       |       |       |       |     3 ||     3
 Invoke: Call Merchant     |       |       |       |     1 |       ||     1
Ability: Invent Gizmo      |       |       |       |       |     1 ||     1
  Evoke: Wand              |       |     3 |     6 |    26 |    11 ||    46
    Use: Potion            |     1 |       |     3 |     5 |     3 ||    12
         Scroll            |       |    10 |     5 |     9 |     6 ||    30
   Stab: Sleeping          |     1 |       |     1 |       |       ||     2
         Confused          |       |       |     4 |    10 |     2 ||    16
         Paralysed         |       |       |       |    35 |       ||    35
         Distracted        |       |       |       |     1 |       ||     1
 Armour: Robe              |    36 |    33 |   195 |   196 |   123 ||   583
  Dodge: Dodged            |    38 |    23 |   130 |   151 |   104 ||   446
  Block: Buckler           |       |       |       |    68 |    38 ||   106

Table legend: (Time is in decaauts)
 A = Elapsed time spent in this place.
 B = Non-inter-level travel time spent in this place.
 C = Inter-level travel time spent in this place.
 D = Time resting spent in this place.
 E = Time spent auto-exploring this place.
 F = Levels seen in this place.
 G = Mean time per level.
                   A        B        C        D        E       F      G
               +--------+--------+--------+--------+--------+-----+--------+
         Total |  15119 |  14095 |   1024 |   2969 |   7330 |  16 |  944.9 |
       Dungeon |   8658 |   7891 |    767 |    991 |   4865 |  10 |  865.8 |
        Temple |     20 |     10 |     10 |      0 |      0 |   1 |   20.0 |
          Lair |   6440 |   6193 |    247 |   1978 |   2465 |   5 | 1288.0 |
               +--------+--------+--------+--------+--------+-----+--------+

Top non-repeatable levels by time:
  Lair:2: 1770 daAuts
  Lair:4: 1654 daAuts
  Lair:1: 1433 daAuts
  Lair:3: 1431 daAuts
     D:9: 1318 daAuts
     D:4: 1177 daAuts
     D:7: 1092 daAuts
     D:8: 994 daAuts
     D:2: 940 daAuts
     D:1: 888 daAuts
     D:3: 770 daAuts
     D:6: 691 daAuts
     D:5: 687 daAuts
  Lair:5: 149 daAuts
    D:10: 96 daAuts
